 Dungeon Crawl Stone Soup version 0.22-a0-254-gaf95ca0 (webtiles) character file.

12 mhoghedin the Magician (level 2, 0/21 HPs)
             Began as a Mummy Wizard on Mar 4, 2018.
             Slain by a ball python (1 damage)
             ... on level 1 of the Dungeon.
             The game lasted 00:01:06 (601 turns).

mhoghedin the Magician (Mummy Wizard)                Turns: 601, Time: 00:01:07

Health: 0/21       AC:  2    Str: 10    XL:     2   Next: 20%
Magic:  1/7        EV:  9    Int: 17    God:
Gold:   17         SH:  0    Dex: 10    Spells: 8/9 levels left

rFire    x . .     SeeInvis .   c - +0 club
rCold    + . .     Gourm    .   (no shield)
rNeg     + + +     Faith    .   a - +0 robe
rPois    ∞         Spirit   .   b - +0 hat
rElec    .         Reflect  .   (no cloak)
rCorr    .         Harm     .   (no gloves)
MR       .....                  (no boots)
Stlth    ++........             (no amulet)
HPRegen  0.07/turn              (no ring)
MPRegen  0.10/turn              (no ring)

@: very slightly contaminated, constricted
A: no food or potions, fire vulnerability, cold resistance 1, negative energy
resistance 3, torment resistance, unbreathing
a: no special abilities


You were on level 1 of the Dungeon.
You were not hungry.

You visited 1 branch of the dungeon, and saw 1 of its levels.

You collected 17 gold pieces.

Inventory:

Hand Weapons
 c - a +0 club (weapon)
   (You took it off a hobgoblin on level 1 of the Dungeon)
Missiles
 e - 2 throwing nets {=f, !d}
Armour
 a - a +0 robe (worn)
 b - a +0 hat (worn)
Scrolls
 d - a scroll of blinking {unknown}
 f - a scroll of enchant weapon {unknown}
 g - a scroll of remove curse {unknown}


   Skills:
 + Level 1.2 Fighting
 - Level 1.5 Dodging
 - Level 1.5 Stealth
 + Level 4.4 Spellcasting
 - Level 0.7 Conjurations
   Level 0.7 Summonings
   Level 0.7 Translocations


You had 8 spell levels left.
You knew the following spells:

 Your Spells              Type           Power        Failure   Level  Hunger
a - Magic Dart            Conj           #...         11%         1    N/A

Dungeon Overview and Level Annotations

Branches:
Dungeon (1/15)

Altars:


Innate Abilities, Weirdness & Mutations

You do not eat or drink.
Your flesh is vulnerable to fire.
You are immune to poison.
Your flesh is cold resistant. (rC+)
You are immune to negative energy. (rN+++)
You are immune to unholy pain and torment.
You can survive without breathing.


Message History

f - a scroll labeled YMOCAO DEANG
g - a scroll labeled GUWUZY BIPH You see here a ration.
No target in view!
A hobgoblin comes into view. It is wielding a club.
A hobgoblin is nearby!
The hobgoblin shouts!
You hear a shout! x2
The hobgoblin moves out of view.
A bat comes into view.
You barely miss the bat. The bat misses you. The bat closely misses you.
A kobold comes into view.
You hit the bat but do no damage. The bat hits you but does no damage. x2
The kobold moves out of view.
You barely miss the bat. The bat closely misses you. The bat barely misses you.
A goblin opens the door.
A ball python comes into view.
You closely miss the hobgoblin. The bat barely misses you.
The hobgoblin hits you with a club.
A goblin comes into view. It is wielding a dagger.
You take 3 damage, and have 18/21 hp.
The ball python hisses angrily.
You hit the hobgoblin. The bat closely misses you.
The kobold throws a stone.
The stone closely misses you. The hobgoblin barely misses you.
The kobold throws a stone.
The stone misses you.
You hit the hobgoblin.
You kill the hobgoblin!
The goblin hits you. The bat hits you but does no damage.
The kobold throws a stone.
The stone misses you.
You miss the bat. The bat barely misses you. The goblin hits you.
The goblin barely misses you.
You barely miss the goblin. The bat misses you. The goblin hits you.
You are too injured to fight recklessly!
You are too injured to fight recklessly!
You are too injured to fight recklessly!
You are too injured to fight recklessly!
You are too injured to fight recklessly!
You take 7 damage, and have 11/21 hp.
MASSIVE DAMAGE!!
The bat hits you but does no damage.
The kobold throws a stone.
The stone barely misses you.
You hit the bat. The bat barely misses you.
The ball python bites you but does no damage.
The ball python closely misses you. The bat hits you. The goblin hits you.
The ball python barely misses you. The ball python grabs you.
The ball python constricts you.
You take 3 damage, and have 8/21 hp.
You escape the ball python's grasp.
The bat barely misses you. The bat hits you but does no damage.
The bat misses you. The bat hits you but does no damage.
You see here a stone.
The goblin barely misses you. The bat closely misses you. The bat hits you.
The bat barely misses you. The bat hits you but does no damage. x2
You aren't carrying any items that you can evoke.
Aim: a bat (severely wounded)
The magic dart hits the bat.
You kill the bat!
You now have 6/7 mp.
Aim: a goblin You miscast Magic Dart.
You are very lightly contaminated with residual magic.
Nothing appears to happen.
A goblin opens the door.
A bat comes into view.
You now have 5/7 mp.
Aim: a goblin The magic dart hits the goblin.
The goblin hits you.
* * * LOW HITPOINT WARNING * * *
You take 4 damage, and have 4/21 hp.
You now have 4/7 mp.
Aim: a goblin (moderately wounded)
The magic dart hits the goblin.
You kill the goblin!
You now have 3/7 mp.
Aim: a goblin, wielding a dagger You miscast Magic Dart.
Nothing appears to happen.
The goblin hits you but does no damage.
You now have 2/7 mp.
Aim: a goblin, wielding a dagger The magic dart hits the goblin.
The goblin hits you with a dagger.
* * * LOW HITPOINT WARNING * * *
You take 1 damage, and have 3/21 hp.
You now have 1/7 mp.
Unknown command.
Aim: a goblin, wielding a dagger (severely wounded)
The magic dart hits the goblin.
You kill the goblin!
You now have 0/7 mp.
You barely miss the ball python.
The ball python bites you but does no damage.
The ball python misses you. The ball python bites you.
* * * LOW HITPOINT WARNING * * *
The ball python barely misses you.
You take 2 damage, and have 1/21 hp.
You can't drink.
You closely miss the ball python. The ball python closely misses you.
The ball python grabs you. The ball python constricts you.
Unknown command.
You barely miss the ball python. The bat hits you but does no damage.
The bat barely misses you. The ball python bites you.
You die...

#####.....##
.......... ........##
......... .......# ...
..# # . .
#b###.#######.#... #.
#@SK..#...()......
#.#+###.#.#.....#
#.........(.....#
#.....#+#.(.?...'...
##
#............#+##....
...#............#
..... #..............#
.?.# #..............#
..#
#.#.......###..######.
...


You could see a bat, a ball python and a kobold.

Vanquished Creatures
  A leopard gecko (D:1)
  2 giant cockroaches (D:1)
  2 hobgoblins (D:1)
  2 bats (D:1)
  2 goblins (D:1)
  2 kobolds (D:1)
11 creatures vanquished.

Notes
Turn   | Place    | Note
-------+----------+-------------------------------------------
     0 | D:1      | mhoghedin the Mummy Wizard began the quest for the Orb.
     0 | D:1      | Reached XP level 1. HP: 13/13 MP: 5/5
   431 | D:1      | Reached skill level 1 in Fighting
   431 | D:1      | Reached XP level 2. HP: 17/21 MP: 2/7
   594 | D:1      | HP: 4/21 [goblin (4)]
   599 | D:1      | HP: 1/21 [ball python (2)]
   601 | D:1      | Slain by a ball python

Vault maps used:
D:1:      dpeg_arrival_windows_large_door

Skill      XL: |  1 |
---------------+----+-----
Fighting       | 1 |  1.2
Dodging        | |  1.5
Stealth        | |  1.5
Spellcasting   | |  4.4
Conjurations   | |  0.7
Summonings     | |  0.7
Translocations | |  0.7

Action                   || total
-------------------------++-------
Melee: Club              ||    23
       Unarmed           ||     4
 Cast: Magic Dart        ||    20
Armor: Robe              ||    16
Dodge: Dodged            ||    43

Table legend:
 A = Spawn XP
 B = Non-spawn XP
 C = Spawn XP percentage of total XP
 D = Spawn monster count
 E = Non-spawn monster count
 F = Spawn count percentage of total count
 G = Total turns spent on level
                    A         B        C        D         E        F      G
               +---------+---------+-------+---------+---------+-------+---------
         Total |       0 |      18 |   0.0 |       0 |      11 |   0.0 |   601
               +---------+---------+-------+---------+---------+-------+---------
           D:1 |       0 |      18 |   0.0 |       0 |      11 |   0.0 |   601
               +---------+---------+-------+---------+---------+-------+---------

Vault maps used:
D:1:      dpeg_arrival_windows_large_door

Table legend:
 A = Turns spent in this place as a percentage of turns spent in the entire game.
 B = Non-inter-level travel turns spent in this place as a percentage of non-inter-level travel turns spent in the entire game.
 C = Inter-level travel turns spent in this place as a percentage of turns spent in this place.
 D = Turns resting spent in this place as a percentage of non-inter-level travel turns spent in this place.
 E = Turns spent auto-exploring this place as a percentage of non-inter-level travel turns spent in this place.
 F = Non-inter-level travel turns spent in this place divided by the number of levels of this place that you've seen.
                   A       B       C       D       E      F
               +-------+-------+-------+-------+-------+----------------------
         Total | 100.0 | 100.0 |   0.0 |  57.1 |  28.8 | 601.0
       Dungeon | 100.0 | 100.0 |   0.0 |  57.1 |  28.8 | 601.0
               +-------+-------+-------+-------+-------+----------------------

Table legend:
 A = Kills in this place as a percentage of kills in entire the game.
 B = Kills by you in this place as a percentage of kills by you in the entire game.
 C = Kills by friends in this place as a percentage of kills by friends in the entire game.
 D = Other kills in this place as a percentage of other kills in the entire game.
 E = Experience gained in this place as a percentage of experience gained in the entire game.
 F = Experience gained in this place divided by the number of levels of this place that you have seen.
                   A       B       C       D       E      F
               +-------+-------+-------+-------+-------+----------------------
         Total | 100.0 | 100.0 |   N/A |   N/A | 100.0 |  18.0
       Dungeon | 100.0 | 100.0 |   N/A |   N/A | 100.0 |  18.0
               +-------+-------+-------+-------+-------+----------------------
